 Dungeon Crawl Stone Soup version 0.30-a0-591-g3c58d2bc28 (webtiles) character file.

Game seed: 7134104823307734881

792 tilp the Ducker (level 8, 0/61 (67) HPs)
             Began as a Meteoran Fighter on Jan 4, 2023.
             Was an Initiate of Ru.
             Slain by a wight
             ... wielding a +5 scimitar of freezing
              (5 damage)
             ... on level 7 of the Dungeon.
             The game lasted 00:09:16 (1731 turns).

tilp the Ducker (Meteoran Fighter)                  Turns: 1731, Time: 00:09:16

HP:   0/61 (67)     AC: 10    Str: 18    XL:     8   Next: 34%
MP:   9/9           EV:  9    Int:  9    God:    Ru [......]
Gold: 172           SH:  5    Dex: 16    Spells: 7/7 levels left

rFire   . . .      SeeInvis .    a - +0 long sword
rCold   . . .      Faith    .    c - +0 buckler
rNeg    . . .      Spirit   .    r - +0 chain mail
rPois   .          Reflect  .    (no helmet)
rElec   .          Harm     .    l - +0 cloak
rCorr   .          Rampage  .    (no gloves)
Will    +....                    (no boots) Stlth
                                 k - amulet of regeneration
HPRegen 1.10/turn                (no ring)
MPRegen 0.11/turn                (no ring)

@: glowing, studying Dodging, drained
A: sense surroundings 1, otherworldly, glowing, explore regen
a: Renounce Religion


You were on level 7 of the Dungeon.
You worshipped Ru.
Ru was noncommittal.
You visited 2 branches of the dungeon, and saw 8 of its levels.

You collected 172 gold pieces.

Inventory:

Hand Weapons
 a - a +0 long sword (weapon)
 b - a +0 dagger of venom
Missiles
 g - 4 boomerangs
 i - 17 poisoned darts (quivered)
Armour
 c - a +0 buckler (worn)
 l - a +0 cloak (worn)
 r - a +0 chain mail (worn)
Jewellery
 k - an amulet of regeneration (around neck)
Wands
 d - a wand of charming (9)
 h - a wand of roots (3)
 m - a wand of light (7)
 v - a wand of mindburst (8)
Scrolls
 e - 3 scrolls of teleportation
Potions
 f - a potion of curing
 j - a potion of lignification
 o - a potion of brilliance
 p - a potion of ambrosia
 w - a potion of degeneration {unknown}


   Skills:
 + Level 4.7 Fighting
 + Level 4.7 Long Blades
 + Level 2.4 Throwing
 + Level 4.8 Armour
 + Level 5.2 Dodging
 + Level 2.7 Stealth
 - Level 4.0 Shields
 + Level 2.3 Evocations


You had 7 spell levels left.
You didn't know any spells.
Your spell library was empty.

Dungeon Overview and Level Annotations

Branches:
Dungeon (7/15) Zot: 2454   Temple (1/1) D:6 Zot: 542

Altars:
Ashenzari
Cheibriados
Dithmenos
Elyvilon
Gozag
Hepliaklqana
Qazlal
Ru
Sif Muna
Uskayaw
Wu Jian
Xom
Yredelemnul
Zin


Innate Abilities, Weirdness & Mutations

You passively map a small area around you.
You are easily found by Zot.
You glow in the dark.
You regain HP and MP as you explore.


Message History

The wight hits you with a +0 battleaxe!
You feel drained.
You hit the wight.
The wight is severely damaged.
The wight hits you with a +0 battleaxe!
You barely miss the wight.
The wight is severely damaged.
You block the wight's attack.
You slash the wight!
You destroy the wight!
You slash the wight!
The wight is severely damaged.
The wight hits you with a +5 scimitar of freezing!
* * * LOW HITPOINT WARNING * * *
You feel drained.
* * * LOW HITPOINT WARNING * * *
The wight freezes you.
* * * LOW HITPOINT WARNING * * *
You closely miss the wight.
The wight is severely damaged.
The wight hits you with a +5 scimitar of freezing!
* * * LOW HITPOINT WARNING * * *
The wight freezes you.
* * * LOW HITPOINT WARNING * * *
The wight misses you.
You barely miss the wight.
The wight is severely damaged.
The wight hits you but does no damage.
Unknown command.
You hit the wight but do no damage.
The wight is severely damaged.
You block the wight's attack.
You barely miss the wight.
The wight is severely damaged.
You block the wight's attack.
You barely miss the wight.
The wight is severely damaged.
The wight hits you with a +5 scimitar of freezing!
* * * LOW HITPOINT WARNING * * *
You feel drained.
You die...

* #.../..# #......#, ,
,.....#....# , ###
#....#,, * , +....# , ,
** ,#....# ,,, , * * * *
* #....##, ,,
#.....#####* ##########
#.......#@# #........#
,,
#.......#z####........#
,#.....................#
,
#.....................#
, ,
,########.........######
########### * , * * ****
* , ,, , ,,,, , , *


You could see a wight.

Vanquished Creatures
  Sigmund (D:6)
  An ice beast (D:6)
  2 necrophages (D:4)
  A scorpion (D:4)
  A wight (D:7)
  A jelly (D:5)
  4 hounds
  An orc priest (D:5)
  Terence (D:2)
  A gnoll (D:4)
  4 adders
  A white imp (D:6)
  A dart slug (D:3)
  5 orcs
  5 endoplasms
  A giant cockroach (D:4)
  4 goblins
  4 hobgoblins
  A quokka (D:1)
  3 ball pythons
  2 bats (D:1)
  4 frilled lizards
  4 kobolds
  4 rats
57 creatures vanquished.

Notes
Turn   | Place    | Note
-------+----------+-------------------------------------------
     0 | D:1      | tilp the Meteoran Fighter began the quest for the Orb.
     0 | D:1      | Reached XP level 1. HP: 19/19 MP: 2/2
    42 | D:1      | Found a faded altar of an unknown god.
    54 | D:1      | Reached XP level 2. HP: 23/26 MP: 3/3
   202 | D:1      | Reached skill level 1 in Dodging
   236 | D:1      | Reached XP level 3. HP: 31/31 MP: 4/4
   462 | D:2      | Noticed Terence
   472 | D:2      | Killed Terence
   473 | D:2      | Reached skill level 2 in Dodging
   473 | D:2      | Reached XP level 4. HP: 35/39 MP: 5/5
   580 | D:4      | Reached skill level 1 in Stealth
   580 | D:4      | Noticed a scorpion
   590 | D:4      | Killed a scorpion
   591 | D:4      | Reached skill level 3 in Dodging
   591 | D:4      | Reached XP level 5. HP: 22/46 MP: 6/6
   591 | D:4      | Found a hazy altar of Hepliaklqana.
   591 | D:4      | Found an ornate altar of the Wu Jian Council.
   591 | D:4      | Found a shimmering blue altar of Sif Muna.
   890 | D:5      | Entered Level 5 of the Dungeon
   965 | D:4      | Noticed a necrophage
   983 | D:4      | Killed a necrophage
   984 | D:4      | Reached XP level 6. HP: 49/52 MP: 7/7
  1072 | D:4      | Reached skill level 4 in Dodging
  1116 | D:4      | Reached XP level 7. HP: 57/59 MP: 8/8
  1357 | D:5      | Reached skill level 1 in Throwing
  1357 | D:5      | Reached skill level 1 in Evocations
  1400 | D:6      | Found a staircase to the Ecumenical Temple.
  1417 | Temple   | Entered the Ecumenical Temple
  1444 | Temple   | Identified a scroll of acquirement
  1444 | Temple   | Acquired a manual of Dodging
  1450 | Temple   | Became a worshipper of Ru the Awakened
  1584 | D:6      | Noticed Sigmund
  1667 | D:6      | Killed Sigmund
  1668 | D:6      | Reached skill level 5 in Dodging
  1668 | D:6      | Reached XP level 8. HP: 29/67 MP: 9/9
  1731 | D:7      | Slain by a wight

Illustrated notes

Levels and vault maps discovered:
D:1:      lightli_arrival_isolated_outpost, layout_loops_ring,
          ebering_ecumenical_altar_rust
D:2:      layout_loops_corners, serial_shops, shop, minmay_quantized,
          uniq_terence
D:3:      layout_basic, serial_shops, nicolae_shop_statue_plus
D:4:      layout_cave_pods, gammafunk_temple_overflow_forgotten,
          roderic_lattice_a
D:5:      layout_gridville, mainiacjoe_overflow_tiny_flanked,
          trog_three_pillars_becter, uniq_ijyb
D:6:      layout_gridville, minmay_temple_entry_large_hall,
          nicolae_concentric_dashed_squares_mild, uniq_sigmund
D:7:      layout_basic, fedhas_altar_decomposition,
          mainiacjoe_overflow_alcove_2, chequers_serial_rivers_room_a,
          hangedman_abyss_or_decor_jellyfish_corner
Temple:   chequers_temple_sunken

Skill      XL: |  1  2  3  4  5  6  7 |
---------------+----------------------+-----
Dodging        | 1 2 3 4 5 |  5.2
Armour         | 4 |  4.8
Long Blades    | 3 4 |  4.7
Stealth        | 1 2 |  2.7
Shields        | 4 |  4.0
Fighting       | 4 |  4.7
Throwing       | 2 |  2.4
Evocations     | 2 |  2.3

Action                   |  1- 3 |  4- 6 |  7- 9 || total
-------------------------+-------+-------+-------++-------
Melee: Long sword        |    79 |   106 |    66 ||   251
Throw: Dart              |     1 |       |       ||     1
Evoke: Wand              |       |       |     3 ||     3
  Use: Potion            |     1 |       |     3 ||     4
       Scroll            |       |     5 |     6 ||    11
Armor: Scale mail        |    26 |       |       ||    26
       Chain mail        |       |    58 |    57 ||   115
Dodge: Dodged            |    32 |    32 |    30 ||    94
Block: Buckler           |    11 |    28 |    24 ||    63

Table legend: (Time is in decaauts)
 A = Elapsed time spent in this place.
 B = Non-inter-level travel time spent in this place.
 C = Inter-level travel time spent in this place.
 D = Time resting spent in this place.
 E = Time spent auto-exploring this place.
 F = Levels seen in this place.
 G = Mean time per level.
                   A        B        C        D        E       F      G
               +--------+--------+--------+--------+--------+-----+--------+
         Total |   1802 |   1561 |    241 |      4 |      0 |   8 |  225.2 |
       Dungeon |   1744 |   1525 |    219 |      4 |      0 |   7 |  249.1 |
        Temple |     57 |     35 |     22 |      0 |      0 |   1 |   57.0 |
               +--------+--------+--------+--------+--------+-----+--------+

Top non-repeatable levels by time:
     D:4: 736 daAuts
     D:1: 262 daAuts
     D:6: 243 daAuts
     D:3: 181 daAuts
     D:2: 172 daAuts
     D:5: 86 daAuts
     D:7: 62 daAuts
  Temple: 57 daAuts
